Map: Lerilak Crest

Players

NoRegreT - Winner!

  • Race: Zerg Zerg
  • League: Grandmaster

yupWildCard

  • Race: Zerg Zerg
  • League: Diamond

Event: ASL Season 5 Prime League LOTV Beta

VOD

Have the link to the VOD?

Description

Time

  • Played on: Sept. 8, 2015, 8:14 p.m.
  • Length: 4:28

All games in this series

Show
View Real Time Build Order
Export as new Build Order

NoRegreT Zerg - Winner!

Build Orders: Pool First, Zergling Baneling 

Get SALT Encoding   

  12  0:02  Drone  
  13  0:09  Drone  
  14  0:26  Drone, Extractor  
  14  0:36  Drone, Spawning Pool  
  14  0:40  Extractor  
  13  0:43  Drone  
  15  0:52  Overlord  
  15  1:23  Zergling x6  
  15  1:24  Queen  
  20  1:28  Metabolic Boost  
  20  1:37  Zergling x2  
  21  1:46  Zergling x2  
  22  1:54  Baneling Nest  
  22  1:56  Zergling x2  
  22  2:11  Overlord  
  22  2:25  Hatchery  
  22  2:27  Zergling x2  
  22  2:31  Zergling x4  
  24  2:38  Baneling  
  24  2:39  Baneling x2  
  24  2:47  Zergling x2  
  23  3:00  Zergling x6  
  23  3:03  Zergling x2  
  27  3:10  Baneling x2  
  27  3:11  Baneling  
  26  3:22  Zergling x6  
  27  3:37  Zergling x6  
  27  3:41  Zergling x2  
  27  3:47  Baneling x2  
  26  3:50  Drone  
  26  3:54  Zergling x2  
  28  4:00  Baneling  
  28  4:07  Zergling x4  
Show
View Real Time Build Order
Export as new Build Order

yupWildCard Zerg 

Build Orders: Pool First 

Get SALT Encoding   

  12  0:01  Drone  
  13  0:08  Drone  
  14  0:17  Overlord  
  14  0:22  Extractor  
  14  0:23  Drone  
  15  0:35  Drone x2  
  17  0:44  Drone  
  17  0:47  Spawning Pool  
  17  0:54  Drone  
  18  0:57  Extractor  
  17  1:06  Drone  
  18  1:18  Drone  
  19  1:25  Hatchery  
  19  1:29  Overlord  
  18  1:34  Queen  
  20  1:42  Baneling Nest  
  20  1:47  Zergling x2  
  20  1:52  Zergling x2  
  21  1:58  Spine Crawler  
  20  2:01  Zergling x2  
  21  2:10  Zergling x2  
  22  2:23  Zergling x2  
  22  2:29  Baneling  
  23  2:31  Baneling  
  24  2:37  Zergling x2  
  24  2:43  Metabolic Boost  
  23  3:00  Zergling x4  
  23  3:01  Zergling x2  
  23  3:03  Hatchery  
  25  3:10  Zergling x2  
  24  3:25  Zergling x4  
  22  3:38  Zergling x6  
  17  3:50  Baneling x2  
  17  3:52  Zergling x2  
  21  4:02  Zergling x2  
Tags
 
Add a new tag
Caveats
  • Supply blocks, unpowered buildings, or Contaminate may cause inaccurate times.
  • Supply counts are checked every 10 seconds.